Map: Emerald City LE

Players

DrCreeps

  • Race: Zerg Zerg
  • Spawn Location: 5:00

TheVikWithin

  • Race: Zerg Zerg
  • League: Diamond
  • Spawn Location: 5:00

Massa - Winner!

  • Race: Terran Terran
  • League: Platinum
  • Spawn Location: 11:00

qqq - Winner!

  • Race: Zerg Zerg
  • Spawn Location: 11:00

VOD

Have the link to the VOD?

Description

Time

  • Played on: Oct. 19, 2020, 11:28 a.m.
  • Length: 13:28
Show
View Real Time Build Order
Export as new Build Order

DrCreeps Zerg 

Build Orders: Hatch First 

Get SALT Encoding   

  12  0:00  Drone  
  13  0:12  Overlord  
  13  0:17  Drone  
  14  0:30  Drone x2  
  16  0:52  Hatchery  
  16  0:54  Drone  
  16  0:56  Drone  
  17  1:11  Spawning Pool  
  17  1:17  Extractor  
  15  1:19  Drone  
  15  1:20  Drone  
  15  1:23  Drone  
  18  1:43  Drone x2  
  20  1:52  Overlord  
  20  2:00  Queen  
  22  2:03  Queen  
  24  2:18  Drone x4  
  28  2:24  Roach Warren  
  27  2:45  Drone  
  27  2:48  Overlord  
  27  2:49  Overlord x2  
  28  2:54  Metabolic Boost  
  28  3:03  Spore Crawler  
  27  3:07  Roach x2  
  27  3:08  Spine Crawler  
  27  3:10  Roach  
  32  3:14  Roach  
  34  3:22  Drone x2  
  34  3:23  Drone  
  37  3:34  Lair  
  37  3:37  Drone x2  
  39  3:54  Extractor  
  39  3:55  Drone x6  
  44  4:08  Roach x3  
  50  4:19  Drone  
  51  4:25  Extractor  
  51  4:28  Drone x2  
  51  4:29  Extractor  
  51  4:30  Drone  
  52  4:34  Overlord  
  52  4:35  Overlord x2  
  52  4:53  Roach x6  
  64  5:15  Queen  
  66  5:25  Hydralisk Den  
  59  5:41  Drone  
  59  5:42  Drone x5  
  58  5:53  Roach x4  
  58  5:54  Roach x2  
  70  6:31  Drone x5  
  70  6:32  Drone  
  76  6:40  Overlord x2  
  76  6:41  Overlord x2  
  71  7:00  Queen  
  73  7:10  Hydralisk  
  73  7:11  Hydralisk x2  
  76  7:50  Hydralisk x5  
  86  7:58  Ravager  
  87  8:10  Ravager x2  
  89  8:19  Glial Reconstitution  
  89  8:25  Drone x3  
  89  8:26  Drone x9  
  101  8:40  Hatchery  
  100  8:57  Hydralisk x4  
  108  9:10  Overlord x2  
  108  9:11  Overlord x3  
  108  9:37  Overseer  
  104  9:38  Overseer  
  104  9:40  Hydralisk x3  
  67  10:08  Roach x6  
  79  10:22  Roach  
  79  10:23  Roach  
  83  10:36  Roach x2  
  83  10:40  Grooved Spines  
  87  10:58  Infestation Pit  
  87  11:01  Spire  
  87  11:02  Roach  
  87  11:03  Roach x4  
  95  11:06  Hydralisk  
  97  11:18  Hydralisk x3  
  99  11:19  Hydralisk  
  105  11:26  Drone  
  105  11:27  Drone x2  
  108  11:38  Drone x3  
  111  11:51  Muscular Augments  
  111  12:10  Hydralisk x4  
  111  12:11  Hydralisk x2  
  105  12:42  Roach x6  
  81  12:59  Hydralisk x4  
Show
View Real Time Build Order
Export as new Build Order

TheVikWithin Zerg 

Build Orders: Hatch First 

Get SALT Encoding   

  12  0:05  Drone  
  13  0:12  Overlord  
  13  0:20  Drone  
  14  0:31  Drone x2  
  16  0:53  Hatchery, Drone  
  16  1:01  Drone x2  
  18  1:15  Extractor  
  18  1:17  Spawning Pool  
  16  1:20  Drone  
  16  1:23  Drone  
  18  1:33  Drone  
  19  1:46  Drone  
  20  1:52  Overlord  
  20  2:05  Zergling x2  
  21  2:09  Zergling x2  
  21  2:14  Metabolic Boost  
  22  2:32  Drone x2  
  22  2:33  Drone x2  
  26  2:47  Drone  
  26  2:48  Drone x2  
  26  2:49  Overlord  
  29  3:09  Zergling x6  
  29  3:12  Zergling x2  
  32  3:13  Queen  
  32  3:16  Queen  
  36  3:50  Overlord x2  
  36  4:09  Roach Warren  
  35  4:15  Spine Crawler  
  34  4:17  Zergling x10  
  34  4:18  Zergling x2  
  34  4:23  Hatchery  
  39  4:29  Drone x4  
  44  4:39  Hatchery  
  37  5:03  Roach  
  37  5:04  Roach x5  
  48  5:08  Queen  
  50  5:15  Extractor, Lair  
  49  5:33  Drone x2  
  51  5:54  Zergling x2  
  51  5:55  Zergling x12  
  42  6:19  Queen  
  42  6:23  Drone x5  
  42  6:24  Drone x4  
  53  6:39  Drone  
  56  6:40  Drone x2  
  56  6:47  Extractor x2  
  54  6:58  Drone x2  
  54  6:59  Drone x2, Overlord  
  54  7:00  Overlord x2  
  58  7:40  Drone x2  
  58  7:41  Drone x2  
  58  7:43  Drone  
  65  7:44  Drone x10  
  73  7:52  Spore Crawler  
  73  7:55  Roach x2  
  69  8:11  Roach x6  
  81  8:14  Glial Reconstitution  
  81  8:18  Evolution Chamber  
  80  8:20  Evolution Chamber  
  80  8:21  Roach  
  80  8:22  Overlord x4  
  81  8:31  Spore Crawler  
  80  8:40  Roach x7  
  94  8:43  Roach  
  94  8:44  Extractor  
  94  8:45  Extractor, Roach  
  94  8:46  Roach x4  
  104  8:55  Zerg Missile Weapons Level 1  
  104  8:56  Zerg Ground Armor Level 1  
  104  9:03  Drone x3  
  104  9:04  Drone  
  108  9:18  Roach  
  108  9:19  Overlord x3, Roach x2  
  108  9:20  Overlord x2  
  114  9:32  Tunneling Claws  
  114  9:35  Overseer  
  114  9:39  Roach x4  
  114  9:40  Roach x7  
  135  9:56  Roach x4  
  135  9:57  Roach x4  
  144  10:04  Drone  
  144  10:05  Drone x3  
  86  10:36  Roach  
  86  10:37  Drone x11  
  99  10:55  Zerg Ground Armor Level 2, Zerg Missile Weapons Level 2  
  99  11:05  Infestation Pit  
  99  11:08  Roach  
  99  11:09  Roach x13  
  126  11:44  Burrow  
  122  11:49  Roach  
  122  11:50  Roach x14  
  122  11:52  Queen  
  141  12:06  Drone  
  141  12:07  Drone x7  
  149  12:47  Roach x35  
  145  12:56  Roach x7  
  145  12:57  Roach x4  
Show
View Real Time Build Order
Export as new Build Order

Massa Terran - Winner!

Build Orders:  

Get SALT Encoding   

  12  0:00  SCV  
  13  0:12  SCV  
  14  0:23  Supply Depot  
  14  0:24  SCV  
  15  0:35  Refinery  
  15  0:45  SCV  
  15  0:47  Barracks  
  16  0:57  SCV  
  17  1:09  SCV  
  18  1:20  Refinery  
  18  1:21  SCV  
  19  1:33  SCV  
  19  1:34  Marine  
  21  1:40  Factory  
  21  1:46  Orbital Command  
  21  1:55  Reaper  
  22  2:12  Command Center  
  22  2:15  SCV  
  23  2:35  Factory Reactor  
  23  2:36  Barracks Reactor  
  23  2:37  Supply Depot  
  23  2:46  Supply Depot  
  23  2:52  Starport  
  23  2:59  SCV  
  24  3:11  SCV  
  25  3:24  Marine x2  
  27  3:36  Supply Depot  
  27  3:38  Hellion x2  
  31  3:42  Marine x2  
  31  3:47  Medivac  
  34  3:55  Orbital Command  
  34  3:59  SCV, Hellion  
  34  4:00  Marine x2  
  39  4:08  Supply Depot  
  41  4:10  Hellion  
  41  4:18  Marine x2  
  41  4:23  Hellion  
  47  4:31  SCV x2, Hellion  
  47  4:35  Marine  
  47  4:36  Marine  
  47  4:38  Liberator  
  54  4:43  SCV  
  55  4:47  Hellion  
  59  4:53  Hellion, Marine  
  59  4:54  Marine  
  59  4:55  Barracks  
  61  5:09  Hellion  
  61  5:11  Marine x2  
  67  5:14  Hellion  
  67  5:30  Hellion  
  61  5:56  Barracks Tech Lab  
  61  6:00  SCV x2  
  61  6:01  Barracks  
  61  6:02  Factory Tech Lab  
  63  6:06  Refinery  
  63  6:10  Starport Tech Lab, Command Center  
  63  6:12  SCV x2  
  63  6:16  Engineering Bay  
  63  6:18  Engineering Bay  
  65  6:24  SCV x2  
  67  6:36  SCV x2  
  69  6:45  Armory  
  69  6:50  Stimpack  
  69  7:22  Siege Tank  
  72  7:26  Marauder, Marine x4  
  78  7:30  Supply Depot  
  78  7:32  Supply Depot  
  78  7:43  Marine  
  76  7:44  Marine x3  
  76  7:47  Marauder  
  81  7:54  Siege Tank  
  84  8:01  Marine  
  84  8:02  Marine  
  84  8:08  Marauder  
  84  8:11  Planetary Fortress  
  86  8:14  SCV x2  
  88  8:26  SCV  
  88  8:27  SCV, Siege Tank  
  90  8:28  Marine  
  90  8:29  Marine x3, Combat Shield  
  90  8:30  Marauder  
  90  8:31  Terran Infantry Armor Level 1, Terran Infantry Weapons Level 1  
  99  8:35  Missile Turret  
  99  8:37  Missile Turret  
  99  8:38  SCV, Missile Turret  
  99  8:39  SCV  
  101  8:50  Refinery  
  101  8:52  Supply Depot  
  101  8:55  Supply Depot  
  101  9:03  SCV, Marine  
  101  9:14  Banshee, Marauder, SCV x2  
  101  9:15  SCV  
  109  9:17  Supply Depot  
  109  9:18  Cloaking Field, Supply Depot  
  109  9:22  Terran Vehicle Weapons Level 1  
  109  9:26  SCV x2  
  109  9:27  SCV  
  112  9:36  Marauder  
  114  9:38  SCV x2  
  114  9:39  SCV  
  117  9:57  Banshee, Marauder  
  112  10:08  SCV  
  112  10:09  SCV x2  
  112  10:11  Refinery  
  115  10:20  SCV  
  115  10:21  SCV  
  105  10:35  SCV x3  
  108  10:47  SCV x3  
  111  10:52  Viking  
  111  10:54  Siege Tank  
  111  10:56  Marauder  
  111  10:57  Marine x4  
  118  10:59  SCV x2  
  118  11:00  SCV  
  125  11:08  Concussive Shells  
  125  11:11  SCV, Command Center  
  125  11:12  SCV, Supply Depot  
  125  11:14  Marine  
  125  11:15  Marine x3  
  125  11:18  Marauder  
  133  11:33  Marine x2  
  133  11:34  Supply Depot, Marine x2, Siege Tank  
  133  11:35  Supply Depot  
  133  11:38  Supply Depot  
  133  11:39  Supply Depot  
  140  11:42  Supply Depot  
  140  11:48  Marauder  
  140  11:51  Marine  
  141  11:55  Marine x3  
  141  11:56  Medivac  
  141  11:59  Supply Depot  
  144  12:02  Supply Depot  
  144  12:04  SCV  
  144  12:05  SCV x2  
  146  12:08  Refinery  
  146  12:10  Marauder  
  146  12:14  Marine x4  
  152  12:16  SCV  
  152  12:17  SCV x2  
  155  12:28  SCV  
  155  12:29  SCV x2  
  158  12:31  Marauder  
  158  12:32  Marine x3  
  163  12:52  Marauder  
  159  13:10  Sensor Tower  
Show
View Real Time Build Order
Export as new Build Order

qqq Zerg - Winner!

Build Orders: Hatch First, Lurkers, Zergling Baneling 

Get SALT Encoding   

  12  0:00  Drone  
  13  0:08  Drone  
  14  0:36  Hatchery  
  14  0:40  Drone  
  14  0:47  Overlord  
  14  0:59  Extractor, Drone  
  14  1:11  Spawning Pool  
  14  1:16  Drone  
  14  1:27  Drone x2  
  16  1:36  Drone  
  17  1:43  Drone  
  18  1:53  Drone  
  19  1:54  Drone  
  19  1:58  Queen  
  22  2:02  Drone  
  22  2:06  Drone  
  24  2:13  Metabolic Boost  
  24  2:21  Spine Crawler  
  23  2:23  Drone  
  23  2:26  Zergling x2  
  23  2:29  Zergling x2  
  26  2:37  Drone, Zergling x2  
  27  2:41  Overlord  
  28  2:47  Overlord  
  28  2:59  Queen  
  28  3:00  Overlord  
  28  3:03  Zergling x2  
  31  3:05  Drone  
  31  3:08  Drone  
  33  3:16  Zergling x4  
  33  3:17  Zergling x2  
  36  3:23  Baneling Nest  
  36  3:24  Drone  
  36  3:26  Zergling x2  
  37  3:29  Drone  
  37  3:31  Drone  
  39  3:44  Zergling x4  
  39  3:45  Drone  
  42  3:59  Zergling x8  
  42  4:00  Drone x2  
  48  4:10  Zergling x2  
  48  4:12  Drone  
  48  4:17  Hatchery  
  49  4:24  Baneling x6  
  49  4:33  Zergling x6  
  49  4:34  Overlord  
  49  4:35  Overlord  
  50  4:49  Baneling x4  
  50  4:50  Zergling x2  
  52  4:52  Drone  
  51  5:08  Zergling x6  
  51  5:09  Drone x3  
  56  5:24  Lair  
  56  5:28  Spore Crawler  
  55  5:30  Spore Crawler  
  55  5:34  Queen  
  56  5:35  Drone  
  56  5:38  Hatchery  
  56  5:39  Drone  
  57  5:48  Hatchery  
  42  6:13  Zergling x8  
  42  6:14  Zergling x4  
  42  6:15  Drone x3  
  42  6:16  Drone x2  
  51  6:22  Drone x2  
  51  6:23  Drone, Spine Crawler  
  53  6:28  Drone x3  
  53  6:29  Extractor x2  
  54  6:34  Drone x3, Hydralisk Den  
  54  6:35  Extractor  
  55  6:46  Drone x3, Evolution Chamber  
  55  6:47  Drone, Overlord x2  
  58  6:57  Queen  
  58  6:58  Drone  
  58  7:00  Queen  
  63  7:01  Drone  
  63  7:05  Drone  
  63  7:06  Drone x2  
  67  7:14  Hydralisk, Lurker Den, Muscular Augments  
  68  7:23  Drone x5  
  68  7:26  Drone x2  
  68  7:27  Drone  
  76  7:35  Zerg Missile Weapons Level 1, Hydralisk  
  76  7:36  Hydralisk  
  80  7:39  Hydralisk  
  80  7:41  Hydralisk  
  84  7:46  Spine Crawler  
  84  7:49  Spine Crawler  
  82  7:56  Spore Crawler  
  82  7:58  Drone x7  
  85  7:59  Drone  
  88  8:05  Hydralisk  
  88  8:06  Hydralisk  
  88  8:07  Hydralisk  
  88  8:12  Lurker x3  
  97  8:15  Drone x3  
  97  8:16  Drone  
  101  8:20  Extractor, Hydralisk  
  101  8:22  Extractor  
  101  8:23  Overlord  
  101  8:24  Overlord  
  101  8:27  Lurker  
  102  8:40  Overlord x3  
  102  8:41  Overlord x5  
  102  8:45  Spore Crawler  
  101  8:54  Drone x3  
  101  8:55  Drone x6  
  109  8:56  Drone x2  
  109  9:01  Evolution Chamber  
  111  9:03  Hydralisk, Grooved Spines  
  111  9:04  Infestation Pit  
  111  9:05  Hydralisk  
  114  9:23  Hydralisk  
  114  9:24  Hydralisk x6  
  125  9:49  Lurker  
  125  9:50  Lurker  
  125  9:51  Drone x4  
  125  9:52  Drone x6  
  137  9:54  Extractor  
  137  9:55  Extractor, Spore Crawler  
  137  9:59  Extractor x2  
  131  10:00  Drone x3  
  131  10:02  Spore Crawler  
  121  10:23  Lurker  
  121  10:24  Lurker x3  
  121  10:25  Zergling x10  
  121  10:26  Zergling x2  
  131  10:28  Drone x2  
  131  10:29  Drone x3, Overlord x4  
  136  10:39  Drone x3  
  139  10:55  Hatchery  
  138  11:15  Drone  
  138  11:16  Drone x2  
  141  11:25  Drone x3  
  144  11:33  Hive  
  144  11:38  Hydralisk x5  
  144  11:39  Hydralisk x4  
  162  11:41  Lurker x2  
  162  11:42  Lurker x5  
  169  11:50  Pneumatized Carapace  
  169  11:51  Overseer  
  169  11:57  Drone x3  
  169  11:58  Drone x4  
  176  12:03  Spine Crawler  
  176  12:05  Spine Crawler x2  
  176  12:06  Spore Crawler  
  170  12:10  Hydralisk x3  
  170  12:11  Hydralisk x3  
  176  12:42  Hydralisk x4  
  176  12:43  Hydralisk x5  
Tags
 
Add a new tag
Caveats
  • Supply blocks, unpowered buildings, or Contaminate may cause inaccurate times.
  • Supply counts are checked every 10 seconds.